 Dungeon Crawl Stone Soup version 0.30-a0-305-g026cb31310 (webtiles) character file.

Game seed: 4649345270362103475

51 ryw the Trooper (level 3, 0/31 HPs)
             Began as a Demonspawn Monk on Oct 22, 2022.
             Was a Follower of Uskayaw.
             Slain by a gnoll
             ... wielding a +0 halberd
              (12 damage)
             ... on level 2 of the Dungeon.
             The game lasted 00:02:53 (1621 turns).

ryw the Trooper (Demonspawn Monk)                   Turns: 1621, Time: 00:02:53

Health: 0/31       AC:  2    Str: 11    XL:     3   Next: 57%
Magic:  3/3        EV: 12    Int: 13    God:    Uskayaw [*.....]
Gold:   78         SH:  0    Dex: 15    Spells: 2/2 levels left

rFire   . . .      SeeInvis .      - Unarmed
rCold   . . .      Faith    .    (no shield)
rNeg    . . .      Spirit   .    a - +0 robe
rPois   .          Reflect  .    (no helmet)
rElec   .          Harm     .    (no cloak)
rCorr   .          Rampage  .    (no gloves)
Will    .....                    (no boots)
Stlth   ++........               (no amulet)
HPRegen 0.25/turn                (no ring)
MPRegen 0.08/turn                (no ring)

@: no status effects
A: foul stench 1
a: Renounce Religion, Stomp


You were on level 2 of the Dungeon.
You worshipped Uskayaw.
Uskayaw was noncommittal.
You visited 1 branch of the dungeon, and saw 2 of its levels.

You collected 78 gold pieces.

Inventory:

Armour
 a - a +0 robe (worn)
Scrolls
 c - a scroll of enchant weapon {unknown}
 d - 2 scrolls of identify {unknown}
 f - a scroll of immolation {unknown}
Potions
 b - a potion of ambrosia
 e - a potion of attraction {unknown}


   Skills:
 + Level 4.6 Fighting
 - Level 2.6 Dodging
 - Level 1.7 Stealth
 - Level 2.6 Unarmed Combat


You had 2 spell levels left.
You didn't know any spells.
Your spell library contained the following spells:

 Spells                   Type           Power      Damage    Failure   Level
 Shock                    Conj/Air       0%         1d3       30%         1
 Animate Dead             Necr           0%         N/A       97%         4
 Ignition                 Fire           0%         3d3       100%        8
 Infestation              Necr           0%         N/A       100%        8


Dungeon Overview and Level Annotations

Branches:
Dungeon (2/15)

Altars:
Uskayaw


Innate Abilities, Weirdness & Mutations

You may rarely emit foul miasma when damaged in melee.


Message History

You can no longer stomp with the beat.
You hit the worm.
The worm is severely wounded.
The worm bites you!
You emit a cloud of foul miasma!
You hit the worm but do no damage.
The worm is severely wounded.
The worm is engulfed in dark miasma.
The worm is poisoned.
The worm bites you!
* * * LOW HITPOINT WARNING * * *
You hit the worm.
You kill the worm!
You start resting.
Magic restored.
You start resting.
HP restored.
There is a stone staircase leading up here.
f - a scroll labelled GOMYRENGOPP A gnoll comes into view.
It is wielding a +0 whip.
The gnoll shouts!
The gnoll moves out of view.
A gnoll comes into view. It is wielding a +0 halberd.
A gnoll is nearby!
A gnoll comes into view. It is wielding a +0 club.
The gnoll hits you with a +0 club.
A frilled lizard comes into view.
The gnoll barely misses you.
The frilled lizard hisses angrily.
You hit the gnoll.
The gnoll is lightly wounded.
The gnoll hits you with a +0 club.
The gnoll hits you from afar with a +0 halberd!
You can now stomp with the beat.
You closely miss the gnoll.
The gnoll is lightly wounded.
The gnoll hits you with a +0 club. The gnoll barely misses you.
Unknown command.
You hit the gnoll but do no damage.
The gnoll is lightly wounded.
The gnoll barely misses you.
The gnoll hits you from afar with a +0 halberd!
You die...

# # # # # # ...
#
#..#############
#
#.ggg@.........#
#.############.#
#.# #.##
######..######
...............
#...#####...####
##.. ..P..#...##
...# #####.#...#


You could see 3 gnolls.

Vanquished Creatures
  An adder (D:2)
  A worm (D:2)
  4 endoplasms (D:1)
  A giant cockroach (D:1)
  A hobgoblin (D:1)
  2 jackals (D:1)
  8 kobolds (D:1)
  A quokka (D:1)
  7 ball pythons
  4 bats (D:1)
  4 frilled lizards (D:1)
  2 goblins (D:1)
  A rat (D:1)
37 creatures vanquished.

Vanquished Creatures (others)
  17 plants
17 creatures vanquished.

Grand Total: 54 creatures vanquished

Notes
Turn   | Place    | Note
-------+----------+-------------------------------------------
     0 | D:1      | ryw the Demonspawn Monk began the quest for the Orb.
     0 | D:1      | Reached XP level 1. HP: 18/18 MP: 1/1
   220 | D:1      | Gained mutation: You may rarely emit foul miasma when
                  | damaged in melee. [demonic ancestry]
   220 | D:1      | Reached XP level 2. HP: 21/24 MP: 2/2
   272 | D:1      | Got Tita's Enchiridion on Burning Dark Mysteries
   368 | D:1      | Reached skill level 4 in Fighting
   523 | D:1      | Reached XP level 3. HP: 21/30 MP: 3/3
  1171 | D:2      | Found a faded altar of an unknown god.
  1177 | D:2      | Got Plato's Volume of the Wind
  1178 | D:2      | Prayed at the altar of an unknown god.
  1178 | D:2      | Became a worshipper of Uskayaw the Reveller
  1178 | D:2      | Reached * piety under Uskayaw
  1178 | D:2      | Reached ** piety under Uskayaw
  1621 | D:2      | Slain by a gnoll

Illustrated notes

Levels and vault maps discovered:
D:1:      arrival_zaba_pyramid, layout_basic, minivault_14,
          lexackson_kobold_supper
D:2:      layout_basic, shapermc_ecumenical_altar_rom_forum, grunt_ministairs_13

Skill      XL: |  1  2 |
---------------+-------+-----
Fighting       | 4 |  4.6
Dodging        | |  2.6
Stealth        | |  1.7
Unarmed Combat | |  2.6

Action                   || total
-------------------------++-------
Melee: Unarmed           ||   154
       Punch             ||     3
Invok: Stomp             ||     1
 Stab: Sleeping          ||     7
Armor: Robe              ||    25
Dodge: Dodged            ||   117

Table legend: (Time is in decaauts)
 A = Elapsed time spent in this place.
 B = Non-inter-level travel time spent in this place.
 C = Inter-level travel time spent in this place.
 D = Time resting spent in this place.
 E = Time spent auto-exploring this place.
 F = Levels seen in this place.
 G = Mean time per level.
                   A        B        C        D        E       F      G
               +--------+--------+--------+--------+--------+-----+--------+
         Total |   1612 |   1571 |     41 |    378 |    880 |   2 |  806.0 |
       Dungeon |   1612 |   1571 |     41 |    378 |    880 |   2 |  806.0 |
               +--------+--------+--------+--------+--------+-----+--------+

Top non-repeatable levels by time:
     D:1: 1162 daAuts
     D:2: 449 daAuts
